AoeStats
← Michal Petr

Arena

507969452Analyzed
2v2 RM · 13d ago on Sep 20, 2026· 17m 32s· 4 players
Game mode
Random Map
Map size
Medium (4 player)
Population
200
Speed
Normal
Resources
Standard
Victory
Conquest
Starting age
Dark Age
Ending age
Imperial Age
RankedLock teamsTeams togetherTeam positionsShared explorationLock speedFull tech treeHidden civsTurbo modeCheats
Victory
Defeat
🇩🇪 Armenians · Germany
1130
+10
🇩🇪 Cumans · Germany
785
+24
🇨🇿 Burgundians · Czechia
986
-17
🇨🇿 Khmer · Czechia
985
-17
PersianAria95
11:55 Feudal Age
15:23 Double-Bit Axe
15:52 Horse Collar
16:01 Loom
17:31 Wheelbarrow
Justus Jonas
7:26 Loom
9:35 Feudal Age
9:46 Man-at-Arms
11:12 Long Swordsman
14:51 Scale Mail Armor
15:57 Forging
Adam Vlček
6:34 Double-Bit Axe
6:31 Horse Collar
8:41 Loom
11:20 Feudal Age
10:30 Gold Mining
10:51 Stone Mining
16:44 Wheelbarrow
19:05 Castle Age
Michal Petr
11:29 Feudal Age
14:26 Castle Age
12:39 Double-Bit Axe
Connection lost

Rejoining the realm…

Still unreachable

The connection could not be restored.

Session expired

The server has moved on; the page needs a fresh start.